Map: Alcyone LE

Players

ShoWTimE - Winner!

  • Race: Protoss Protoss
  • League: Master
  • Spawn Location: 7:00

VITSolar (Solar)

  • Race: Zerg Zerg
  • League: Master
  • Spawn Location: 1:00

Event: Bellum Gens Elite Stara Zagora 2024

VOD

Have the link to the VOD?

Description

Time

  • Played on: Sept. 8, 2024, 5:26 a.m.
  • Length: 7:44

All games in this series

Show
View Real Time Build Order
Export as new Build Order

ShoWTimE Protoss - Winner!

Build Orders: 1 Gate Expand, Oracle Opening, Mass Adepts 

Get SALT Encoding   

  12  0:00  Probe  
  13  0:12  Probe  
  14  0:20  Pylon  
  14  0:24  Probe  
  15  0:38  Probe (Chrono Boost)  
  15  0:40  Gateway  
  16  0:49  Assimilator  
  17  0:50  Probe (Chrono Boost)  
  17  0:54  Probe (Chrono Boost)  
  18  1:04  Probe  
  19  1:16  Probe  
  20  1:25  Nexus  
  20  1:35  Cybernetics Core  
  20  1:38  Probe  
  21  1:44  Assimilator  
  21  1:50  Probe  
  21  1:52  Pylon  
  22  2:02  Probe  
  23  2:09  Adept (Chrono Boost)  
  23  2:14  Probe  
  26  2:23  Stargate  
  26  2:26  Probe (Chrono Boost)  
  27  2:33  Stalker  
  27  2:37  Probe (Chrono Boost)  
  30  2:40  Probe (Chrono Boost)  
  30  2:41  Warp Gate  
  31  2:47  Probe (Chrono Boost)  
  31  2:49  Probe (Chrono Boost)  
  33  2:53  Probe x2 (Chrono Boost)  
  35  3:03  Probe  
  35  3:05  Gateway, Probe  
  37  3:06  Oracle (Chrono Boost)  
  40  3:15  Probe  
  40  3:17  Probe  
  42  3:20  Adept  
  42  3:26  Pylon  
  44  3:32  Gateway  
  44  3:33  Twilight Council  
  44  3:37  Gateway  
  44  3:40  Probe  
  44  3:41  Probe  
  46  3:49  Pylon  
  46  3:55  Probe x2  
  48  4:05  Nexus  
  48  4:07  Pylon  
  48  4:09  Resonating Glaives (Chrono Boost)  
  48  4:11  Probe x2  
  48  4:13  Assimilator  
  50  4:23  Probe x2  
  52  4:29  Adept x3  
  58  4:31  Adept  
  58  4:37  Pylon  
  60  4:41  Probe x2  
  62  4:53  Adept x4  
  62  4:57  Probe x2  
  72  5:02  Forge  
  72  5:14  Adept x3  
  72  5:19  Stalker  
  72  5:20  Probe  
  72  5:21  Probe x2  
  83  5:30  Blink (Chrono Boost)  
  83  5:33  Pylon, Probe (Chrono Boost)  
  86  5:36  Probe x2 (Chrono Boost)  
  86  5:40  Protoss Ground Weapons Level 1  
  86  5:41  Stalker  
  88  5:45  Stalker, Probe (Chrono Boost)  
  88  5:48  Probe x2 (Chrono Boost)  
  93  5:50  Probe (Chrono Boost)  
  93  5:52  Pylon  
  93  5:57  Probe x2  
  95  5:58  Pylon  
  95  6:00  Probe  
  95  6:03  Gateway  
  97  6:05  Gateway  
  97  6:09  Stalker, Probe x2, Shield Battery  
  97  6:11  Assimilator  
  101  6:17  Stalker  
  103  6:19  Gateway  
  103  6:30  Stalker x2  
  107  6:35  Pylon  
  107  6:39  Pylon  
  107  6:42  Stalker x2, Gateway  
  107  6:46  Pylon  
  111  6:54  Stalker x2  
  115  7:04  Stalker x2  
  113  7:11  Stalker x2  
  109  7:22  Stalker x3  
  101  7:32  Stalker x2  
Show
View Real Time Build Order
Export as new Build Order

VITSolar Zerg 

Build Orders: Hatch First 

Get SALT Encoding   

  12  0:00  Drone  
  13  0:12  Overlord  
  13  0:17  Drone  
  14  0:31  Drone x2  
  16  0:48  Hatchery  
  15  0:51  Drone  
  15  0:55  Drone  
  17  0:58  Drone  
  18  1:09  Extractor  
  17  1:13  Spawning Pool  
  17  1:17  Drone  
  17  1:21  Drone  
  18  1:28  Drone  
  19  1:39  Drone  
  20  1:49  Overlord  
  20  2:00  Zergling x2, Queen  
  20  2:01  Queen, Zergling x2  
  26  2:11  Drone x2  
  26  2:13  Metabolic Boost  
  28  2:22  Drone x2  
  30  2:36  Hatchery  
  29  2:39  Zergling x2  
  30  2:45  Queen  
  30  2:49  Overlord  
  31  2:52  Drone  
  31  2:54  Drone  
  31  2:57  Drone  
  34  3:01  Zergling x2  
  35  3:07  Queen  
  35  3:10  Drone x2  
  39  3:13  Drone  
  39  3:14  Drone  
  39  3:18  Overlord  
  41  3:24  Queen  
  43  3:28  Overlord  
  43  3:37  Drone x3  
  43  3:39  Drone  
  47  3:42  Drone x2  
  47  3:44  Queen  
  47  3:47  Zergling x2  
  52  3:53  Spore Crawler, Queen  
  53  3:57  Overlord  
  53  4:00  Drone  
  53  4:02  Drone  
  55  4:03  Drone  
  55  4:04  Drone  
  55  4:08  Spore Crawler  
  55  4:09  Drone  
  57  4:11  Overlord  
  57  4:17  Drone x3  
  60  4:19  Drone  
  60  4:23  Drone x3  
  64  4:26  Drone  
  64  4:31  Drone  
  66  4:32  Roach Warren  
  66  4:33  Drone  
  66  4:34  Drone  
  67  4:38  Extractor  
  67  4:39  Zergling x6  
  67  4:43  Zergling x4  
  70  4:47  Lair  
  70  4:50  Overlord  
  70  4:52  Drone x3  
  72  4:56  Drone x2  
  74  5:00  Overlord  
  74  5:01  Extractor  
  74  5:03  Extractor  
  74  5:04  Zergling x4  
  74  5:11  Evolution Chamber  
  74  5:14  Roach x4  
  80  5:17  Evolution Chamber  
  80  5:19  Overlord  
  80  5:20  Roach x2  
  82  5:35  Overlord  
  82  5:36  Zergling x16  
  82  5:42  Evolution Chamber  
  90  5:47  Glial Reconstitution  
  90  5:49  Drone x5  
  95  5:54  Drone x2  
  95  5:56  Roach x2  
  100  6:01  Drone  
  100  6:03  Drone  
  103  6:05  Infestation Pit  
  103  6:06  Extractor  
  103  6:07  Drone  
  103  6:09  Overlord  
  103  6:10  Drone  
  103  6:17  Drone x2, Overseer  
  105  6:20  Overlord  
  105  6:28  Drone x2  
  105  6:31  Drone x2  
  109  6:32  Hatchery  
  109  6:33  Drone x3  
  109  6:34  Drone  
  109  6:35  Drone x2, Extractor  
  109  6:38  Hydralisk Den, Drone  
  113  6:42  Overlord  
  113  6:45  Overlord  
  113  6:51  Drone x2  
  113  6:52  Drone  
  116  6:54  Roach  
  116  6:59  Overlord  
  118  7:04  Roach x2  
  118  7:05  Roach x3  
  114  7:10  Roach x3  
  114  7:13  Roach x2  
  116  7:16  Roach x2  
  116  7:17  Roach  
  116  7:20  Roach x2  
  116  7:22  Roach  
  116  7:25  Roach  
Tags
 
Add a new tag
Caveats
  • Supply blocks, unpowered buildings, or Contaminate may cause inaccurate times.
  • Supply counts are checked every 10 seconds.